 Dungeon Crawl Stone Soup version 0.27-a0-1500-g450c7e4 (webtiles) character file.

Game seed: 15965565562247048265

110 Meow the Sneak (level 4, 36/36 HPs)
             Began as a Naga Fire Elementalist on July 7, 2021.
             Quit the game on level 2 of the Dungeon.
             The game lasted 00:08:01 (1450 turns).

Meow the Sneak (Naga Fire Elementalist)             Turns: 1450, Time: 00:08:01

Health: 36/36      AC:  2    Str: 10    XL:     4   Next: 91%
Magic:  8/8        EV:  9    Int: 17    God:
Gold:   92         SH:  0    Dex: 11    Spells: 0/8 levels left

rFire    . . .     SeeInvis +   a - +1 falchion (elec)
rCold    . . .     Faith    .   (no shield)
rNeg     . . .     Spirit   .   r - +0 robe
rPois    +         Reflect  .   (no helmet)
rElec    .         Harm     .   (no cloak)
rCorr    +         Rampage  .   (no gloves)
Will     .....                  (no barding)
Stlth    +++.......             b - amulet of magic regeneration
HPRegen  0.12/turn              h - ring of resist corrosion
MPRegen  0.36/turn              (no ring)

@: very slow
A: AC +1, large, see invisible, deformed body, poison resistance, slowness 2,
spit poison 1, naga tail 1
a: Spit Poison


You were on level 2 of the Dungeon.
You visited 1 branch of the dungeon, and saw 2 of its levels.

You collected 92 gold pieces.

Inventory:

Hand Weapons
 a - a +1 falchion of electrocution (weapon)
Missiles
 f - 14 stones (quivered)
 g - 7 silver javelins
 i - 3 javelins
 m - 20 sling bullets
 p - 17 poisoned darts
Armour
 r - a +0 robe (worn)
Jewellery
 b - an amulet of magic regeneration (around neck)
 h - a ring of resist corrosion (left hand)
Wands
 q - a wand of polymorph (14)
Scrolls
 c - 3 scrolls of teleportation {unknown}
 d - 2 scrolls of magic mapping {unknown}
 e - a scroll of brand weapon {unknown}
 k - 2 scrolls of fog {unknown}
 l - a scroll of amnesia {unknown}
 n - 2 scrolls of enchant armour {unknown}
 o - a scroll of silence {unknown}
Potions
 j - a potion of mutation {unknown}


   Skills:
 - Level 1.5 Dodging
 * Level 5.1 Stealth
 + Level 2.7 Spellcasting
 + Level 2.1 Conjurations
 + Level 3.6 Fire Magic


You couldn't memorise any spells.
You knew the following spells:

 Your Spells              Type           Power      Damage    Failure   Level
a - Foxfire               Conj/Fire      48%        2x1d6     5%          1
t - Sticky Flame          Conj/Fire      12%        2d4       47%         4
C - Conjure Flame         Conj/Fire      12%        6-21      16%         3

Your spell library contained the following spells:

 Spells                   Type           Power      Damage    Failure   Level
 Shock                    Conj/Air       24%        1d4       12%         1
 Pain                     Necr           8%         1d4       19%         1
 Inner Flame              Hex/Fire       8%         N/A       26%         3
 Swiftness                Air            2%         N/A       47%         3
 Fireball                 Conj/Fire      6%         3d5       83%         5
 Airstrike                Air            1%         N/A       87%         4
 Agony                    Necr           2%         N/A       99%         5
 Excruciating Wounds      Necr           1%         N/A       99%         5


Dungeon Overview and Level Annotations

Branches:
Dungeon (2/15)

Altars:


Innate Abilities, Weirdness & Mutations

Your serpentine skin is tough. (AC +1)
You have supernaturally acute eyesight. (SInv)
Armour fits poorly on your strangely shaped body.
Your system is resistant to poisons. (rPois)
You cover ground very slowly.
You can spit poison.
You have a snake-like lower body.


Message History

There is a cloud of wisps of flame here.
You have got your breath back.
Your foxfire dissipates!
q - a wand of polymorph (14)
Things that are here:
a +1 falchion of electrocution; a +0 scale mail
r - a +1 falchion of electrocution You hear the crackle of electricity.
r - a +1 falchion of electrocution (weapon)
Adjust (i)tems, (s)pells, or (a)bilities?
r - a +1 falchion of electrocution (weapon)
Adjust to which letter? (? for menu, Esc to quit)
a - a +1 falchion of electrocution (weapon)
r - a +0 robe (worn)
You start resting.
Magic restored.
You start resting.
HP restored.
An adder comes into view.
The adder hisses angrily.
Press: ? - help, Shift-Dir - straight line, f - adder
Aim: an adder The splash of poison hits the adder!
The adder is poisoned.
The adder is almost dead.
The adder closely misses you.
You riposte.
You hit the adder. Lightning courses through the adder!!
You kill the adder!
Unknown command.
You see here an adder corpse.
d - 2 scrolls labelled CUOSEKLE FIETS (gained 1)
You have got your breath back.
Found a spear.
You see here a +0 spear.
You see here a +0 spear.
Done exploring.
Are you sure you want to abandon this character and quit the game? (Confirm with "yes".)
Okay, then.
Unknown command.
Unknown command.
Are you sure you want to abandon this character and quit the game? (Confirm with "yes".)

......###.# ###....###...#.#
.#..#.....# ##...##.#.....).#
###...###########..####.#.####..#
...[.........................#..#
.....##.########.##.......#..##..
....###..#######.##..............
...........................####.#
....##########.#.##.......#####..
....# #..@##.............. ....#
##.#..#..)....######. #####
#..##.#........#####.
#.###.#..#####...>... #.# #.#.##
######.. #.# #...# ##. ### #####
#. ##


There were no monsters in sight!

Vanquished Creatures
  Terence (D:2)
  4 adders (D:2)
  A worm (D:2)
  2 dart slugs
  6 ball pythons
  3 bats (D:1)
  3 endoplasms
  2 giant cockroaches (D:2)
  3 goblins
  4 hobgoblins
  3 quokkas (D:2)
  A frilled lizard (D:1)
  6 kobolds
  7 rats
46 creatures vanquished.

Vanquished Creatures (others)
  87 foxfires
87 creatures vanquished.

Grand Total: 133 creatures vanquished

Notes
Turn   | Place    | Note
-------+----------+-------------------------------------------
     0 | D:1      | Meow the Naga Fire Elementalist began the quest for the
                  | Orb.
     0 | D:1      | Reached XP level 1. HP: 15/15 MP: 3/3
    93 | D:1      | Reached XP level 2. HP: 20/22 MP: 1/5
   110 | D:1      | Found a faded altar of an unknown god.
   403 | D:1      | Reached XP level 3. HP: 28/28 MP: 4/6
   407 | D:1      | Learned a level 3 spell: Conjure Flame
   761 | D:2      | Reached skill level 4 in Stealth
   841 | D:2      | Reached XP level 4. HP: 36/36 MP: 7/7
   894 | D:2      | Learned a level 4 spell: Sticky Flame
   953 | D:2      | Noticed Terence
  1021 | D:2      | Killed Terence
  1022 | D:2      | Reached skill level 5 in Stealth
  1450 | D:2      | Quit the game

Illustrated notes

Levels and vault maps discovered:
D:1:      nicolae_arrival_washed_ashore, layout_rooms,
          hellmonk_ecumenical_altar_pennies_from_heaven
D:2:      layout_rooms, uniq_terence

Skill      XL: |  1  2  3  4 |
---------------+-------------+-----
Stealth        | 4 5 |  5.1
Conjurations   | 2 |  2.1
Dodging        | |  1.5
Spellcasting   | |  2.7
Fire Magic     | |  3.6

Action                   |  1- 3 |  4- 6 || total
-------------------------+-------+-------++-------
 Cast: Foxfire           |    47 |    10 ||    57
 Abil: Spit Poison       |    23 |    11 ||    34
Armor: Robe              |     4 |     1 ||     5
Dodge: Dodged            |    16 |     3 ||    19
       Rpst.: Falchion   |       |     1 ||     1

Table legend: (Time is in decaauts)
 A = Elapsed time spent in this place.
 B = Non-inter-level travel time spent in this place.
 C = Inter-level travel time spent in this place.
 D = Time resting spent in this place.
 E = Time spent auto-exploring this place.
 F = Levels seen in this place.
 G = Mean time per level.
                   A        B        C        D        E       F      G
               +--------+--------+--------+--------+--------+-----+--------+
         Total |   1795 |   1762 |     33 |    434 |    948 |   2 |  897.5 |
       Dungeon |   1795 |   1762 |     33 |    434 |    948 |   2 |  897.5 |
               +--------+--------+--------+--------+--------+-----+--------+

Top non-repeatable levels by time:
     D:2: 1111 daAuts
     D:1: 683 daAuts
